Map: Winter Madness LE

Players

HoldTheDoor - Winner!

  • Race: Protoss Protoss
  • League: Diamond
  • Spawn Location: 11:00

komakuka

  • Race: Zerg Zerg
  • League: Diamond
  • Spawn Location: 5:00

VOD

Have the link to the VOD?

Description

Time

  • Played on: May 23, 2026, 1:57 p.m.
  • Length: 7:50
Show
View Real Time Build Order
Export as new Build Order

HoldTheDoor Protoss - Winner!

Build Orders: 1 Gate Expand 

Get SALT Encoding   

  12  0:00  Probe  
  13  0:12  Probe  
  14  0:20  Pylon  
  14  0:25  Probe  
  15  0:34  Probe  
  15  0:40  Gateway  
  16  0:42  Probe  
  16  0:49  Assimilator  
  17  0:53  Probe  
  18  1:05  Probe  
  19  1:21  Nexus  
  19  1:29  Cybernetics Core  
  19  1:32  Probe  
  19  1:39  Pylon  
  20  1:45  Probe  
  21  1:53  Stalker  
  21  1:57  Probe  
  24  2:09  Probe  
  24  2:13  Warp Gate  
  25  2:21  Probe  
  26  2:29  Gateway  
  26  2:33  Probe x2  
  28  2:37  Stalker  
  30  2:45  Probe x2  
  32  2:57  Probe x2  
  34  3:05  Gateway  
  34  3:07  Gateway  
  34  3:11  Robotics Facility  
  34  3:13  Probe  
  34  3:18  Pylon, Probe  
  36  3:25  Probe  
  37  3:30  Probe  
  38  3:38  Probe  
  39  3:43  Gateway  
  39  3:46  Gateway, Shield Battery, Pylon  
  39  3:48  Warp Prism  
  39  3:50  Pylon  
  41  4:09  Gateway  
  41  4:10  Gateway  
  41  4:14  Pylon  
  41  4:15  Stalker  
  43  4:17  Pylon, Stalker  
  45  4:38  Pylon x2  
  45  4:44  Stalker x2  
  45  4:45  Stalker  
  51  4:46  Zealot x3  
  57  5:05  Zealot  
  59  5:07  Zealot x4  
  59  5:08  Zealot  
  69  5:23  Stalker x2  
  69  5:44  Stalker  
  69  5:45  Zealot x4  
  69  5:46  Zealot x3  
  59  6:13  Zealot x8  
  59  6:36  Stalker  
  59  6:37  Stalker x2  
  59  6:38  Zealot x4  
  65  6:52  Zealot  
  67  6:59  Zealot  
  67  7:00  Zealot  
  67  7:01  Zealot x4  
  79  7:18  Stalker x2  
  83  7:26  Zealot x2  
  83  7:27  Zealot x2  
  89  7:35  Stalker  
Show
View Real Time Build Order
Export as new Build Order

komakuka Zerg 

Build Orders: Hatch First 

Get SALT Encoding   

  12  0:00  Drone  
  13  0:09  Drone  
  14  0:14  Extractor  
  14  0:15  Drone  
  15  0:22  Overlord  
  15  0:44  Hatchery  
  15  0:48  Drone  
  15  0:50  Drone  
  15  0:53  Drone  
  17  1:00  Drone  
  18  1:07  Extractor  
  17  1:14  Spawning Pool  
  17  1:18  Drone  
  17  1:21  Drone  
  19  1:32  Drone  
  19  1:42  Overlord  
  19  1:54  Drone  
  20  2:03  Queen x2  
  24  2:12  Roach Warren  
  24  2:13  Drone x2  
  25  2:17  Drone  
  26  2:39  Drone x5  
  31  2:48  Overlord  
  31  2:57  Roach x2  
  35  3:01  Drone  
  36  3:10  Roach  
  38  3:16  Roach x2  
  38  3:17  Roach  
  38  3:18  Overlord  
  44  3:25  Lair  
  44  3:27  Extractor  
  44  3:28  Drone  
  44  3:31  Spore Crawler  
  44  3:34  Drone  
  44  3:38  Drone  
  44  3:41  Drone  
  46  3:43  Drone  
  46  3:44  Drone x2  
  49  3:58  Drone x3  
  52  4:05  Hatchery  
  52  4:08  Drone  
  52  4:11  Extractor  
  52  4:13  Extractor  
  52  4:14  Spore Crawler  
  49  4:34  Drone x3  
  49  4:36  Overlord  
  49  4:37  Overlord x2  
  52  4:49  Metabolic Boost  
  52  4:53  Spire  
  52  4:54  Drone  
  52  4:57  Drone x3  
  52  4:59  Roach x2  
  61  5:00  Roach  
  61  5:06  Roach  
  63  5:13  Roach x5  
  73  5:23  Roach x3  
  77  5:48  Roach x2  
  77  5:49  Roach x2, Zergling x2  
  76  5:50  Zergling x6  
  76  5:51  Overlord  
  60  6:10  Zergling x8  
  53  6:15  Zergling x2  
  53  6:18  Zergling x2  
  30  6:40  Roach x4  
  33  6:50  Zergling x4  
  29  7:09  Spine Crawler  
  29  7:10  Spine Crawler  
  29  7:12  Spine Crawler x2  
  14  7:30  Roach x5  
Tags
 
Add a new tag
Caveats
  • Supply blocks, unpowered buildings, or Contaminate may cause inaccurate times.
  • Supply counts are checked every 10 seconds.